 Dungeon Crawl Stone Soup version 0.24-a0-618-ge4662a2 (console) character file.

Game seed: 6806632491214575426, levelgen mode: deterministic

375 vegansnacktivist the Sneak (level 6, -1/38 HPs)
             Began as an Octopode Transmuter on Sept 16, 2019.
             Slain by an iron imp (10 damage)
             ... summoned by Eustachio
             ... on level 3 of the Dungeon.
             The game lasted 00:04:56 (3647 turns).

vegansnacktivist the Sneak (Octopode Transmuter)    Turns: 3647, Time: 00:04:56

Health: -1/38      AC:  2    Str: 12    XL:     6   Next: 72%
Magic:  8/9        EV: 18    Int: 15    God:
Gold:   136        SH:  0    Dex: 17    Spells: 3/9 levels left

rFire    . . .     SeeInvis .     - Unarmed
rCold    . . .     Gourm    .   (shield currently unavailable)
rNeg     . . .     Faith    .   (helmet currently unavailable)
rPois    .         Spirit   .   l - amulet of magic regeneration
rElec    .         Reflect  .   i - ring of poison resistance
rCorr    .         Harm     .   q - ring of wizardry
MR       .....                  (no ring)
Stlth    +++.......             (no ring)
HPRegen  0.12/turn              (no ring)
MPRegen  0.36/turn              (no ring)
                                (no ring)
                                (no ring)

@: spider-form (expiring), heavily drained
A: tiny, almost no armour, stealthy swim, (amphibious), 8 rings, (constrict 8)
a: End Transformation


You were on level 3 of the Dungeon.
You were hungry.
You were a venomous arachnid creature.
You visited 1 branch of the dungeon, and saw 4 of its levels.

You collected 136 gold pieces.

Inventory:

Missiles
 a - 51 arrows
Jewellery
 i - a ring of poison resistance (left front leg)
 l - an amulet of magic regeneration (around neck)
 q - a ring of wizardry (right front leg)
Wands
 j - a wand of iceblast (6)
Scrolls
 b - 6 scrolls of identify {unknown}
 e - 3 scrolls of enchant weapon {unknown}
 k - a scroll of remove curse {unknown}
 n - a scroll of teleportation {unknown}
 p - a scroll of noise {unknown}
Potions
 d - a potion of resistance {unknown}
 f - 2 potions of cancellation {unknown}
 g - a potion of lignification
 h - 2 potions of berserk rage {unknown}
 m - a potion of haste {unknown}
 o - 2 potions of heal wounds {unknown}
Comestibles
 c - 6 rations


   Skills:
 - Level 1.0(0.0) Fighting
 - Level 2.0(0.5) Dodging
 - Level 7.1(5.4) Stealth
 - Level 3.0(1.4) Unarmed Combat
 - Level 2.0(0.5) Spellcasting
 + Level 4.6(3.0) Transmutations


You had 3 spell levels left.
You knew the following spells:

 Your Spells              Type           Power        Failure   Level  Hunger
a - Beastly Appendage     Tmut           #.....       9%          1    ##.....
b - Sticks to Snakes      Tmut           #.......     11%         2    ###....
c - Spider Form           Tmut/Pois      #.........   30%         3    ####...

Your spell library contained the following spells:

 Spells                   Type           Power        Failure   Level  Hunger
 Animate Skeleton         Necr           N/A          21%         1    ##.....
 Pain                     Necr           #...         21%         1    ##.....
 Regeneration             Chrm/Necr      #.........   45%         3    ####...
 Vampiric Draining        Necr           #.........   45%         3    ####...
 Ice Form                 Ice/Tmut       #.......     63%         4    #####..
 Blade Hands              Tmut           #.........   75%         5    ######.
 Animate Dead             Necr           N/A          82%         4    #####..


Dungeon Overview and Level Annotations

Branches:
Dungeon (4/15)
 Temple: D:4-7

Altars:
Gozag
Xom

Annotations:
D:3 Eustachio


Innate Abilities, Weirdness & Mutations

You cannot wear most types of armour.
You are very stealthy in the water. (Stealth+)
((You are amphibious.))
You can wear up to eight rings at the same time.
((You can use your tentacles to constrict eight enemies at once.))
((Your skin changes colour to match your surroundings (Stealth+).))
((Your rubbery body absorbs attacks. (AC +1, EV +1)))


Message History

You barely miss Eustachio.
Eustachio is almost dead.
The quokka misses you. The iron imp closely misses you.
Eustachio casts a spell.
Eustachio blinks!
You hit the quokka.
The quokka is poisoned.
The quokka is moderately wounded.
Your transformation is almost over.
The quokka barely misses you. The iron imp hits you.
* * * LOW HITPOINT WARNING * * *
Unknown command.
You hit the quokka but do no damage.
The quokka looks as sick as possible!
The quokka is almost dead.
You kill the quokka!
The quokka's corpse disappears in a puff of smoke!
The shadow imp barely misses you.
Eustachio casts a spell.
Eustachio blinks!
The iron imp hits you!
You die...

########## ##........########
†#.##.........55s#######
...##.###.######5..@...# #.###.#
#.############.##########
##.##†###.#.....# ##.#.......[...
##...##....###.###...###########
##.#..#.#.#.###..(..........(..##
#.##....................#.###...#
.####.#.#.#.######.....##.###...#
..............# ##...###.#......


You could see Eustachio, an iron imp and 2 shadow imps.

Vanquished Creatures
  A sky beast (D:4)
  An orc priest (D:4)
  Terence (D:3)
  Jessica (D:3)
  Ijyb (D:3)
  2 adders
  A shadow imp (D:2)
  2 worms
  A dart slug (D:1)
  2 leopard geckos
  6 orcs
  5 giant cockroaches
  9 hobgoblins
  7 kobolds
  A quokka (D:2)
  2 ball pythons (D:2)
  5 bats
  4 frilled lizards
  7 goblins
  6 rats
65 creatures vanquished.

Vanquished Creatures (collateral kills)
  An ice beast (D:4)
1 creature vanquished.

Grand Total: 66 creatures vanquished

Notes
Turn   | Place    | Note
-------+----------+-------------------------------------------
     0 | D:1      | vegansnacktivist the Octopode Transmuter began the quest
                  | for the Orb.
     0 | D:1      | Reached XP level 1. HP: 13/13 MP: 3/3
    61 | D:1      | Reached skill level 1 in Stealth
   109 | D:1      | Reached skill level 2 in Stealth
   111 | D:1      | Reached XP level 2. HP: 14/18 MP: 5/5
   151 | D:1      | Found a shimmering altar of Xom.
   413 | D:1      | Reached skill level 3 in Stealth
   925 | D:2      | Found an opulent altar of Gozag.
   929 | D:2      | Reached XP level 3. HP: 22/23 MP: 6/6
   977 | D:2      | Reached skill level 4 in Stealth
  1386 | D:2      | Reached skill level 5 in Stealth
  1390 | D:2      | Reached XP level 4. HP: 21/28 MP: 7/7
  1562 | D:3      | Noticed Ijyb
  1571 | D:3      | Killed Ijyb
  1631 | D:3      | Reached skill level 6 in Stealth
  1660 | D:3      | Learned a level 2 spell: Sticks to Snakes
  1664 | D:3      | Learned a level 3 spell: Spider Form
  1776 | D:3      | Noticed Terence
  1798 | D:3      | Killed Terence
  1798 | D:3      | Reached XP level 5. HP: 23/33 MP: 4/8
  2062 | D:3      | Noticed Jessica
  2074 | D:3      | Killed Jessica
  2074 | D:3      | Reached skill level 7 in Stealth
  2898 | D:4      | Noticed an ice beast
  2934 | D:4      | Noticed a sky beast
  3024 | D:4      | Killed an ice beast
  3024 | D:4      | Reached XP level 6. HP: 29/38 MP: 1/9
  3056 | D:4      | Killed a sky beast
  3389 | D:4      | Noticed Eustachio
  3647 | D:3      | Slain by an iron imp

Levels and vault maps discovered:
D:1:      dpeg_arrival_water_temple_mockup, layout_basic, xom_teletrap_fun
D:2:      minmay_angry_zag, layout_basic, old_standard_altar, first_ration
D:3:      layout_loops_ring, uniq_jessica, uniq_ijyb, uniq_terence
D:4:      layout_rooms, uniq_eustachio

Skill      XL: |  1  2  3  4  5  6 |
---------------+-------------------+-----
Stealth        | 2 3 5 6 7 |  7.1
Transmutations | 3 4 |  4.6
Fighting       | |  1.0
Dodging        | |  2.0
Unarmed Combat | |  3.0
Spellcasting   | |  2.0

Action                   |  1- 3 |  4- 6 || total
-------------------------+-------+-------++-------
Melee: Unarmed           |    66 |   109 ||   175
       Constrict         |    25 |    19 ||    44
       Tentacles         |    11 |    13 ||    24
       Punch             |     1 |       ||     1
       Kick              |       |     1 ||     1
 Cast: Beastly Appendage |     1 |     3 ||     4
       Sticks to Snakes  |       |     4 ||     4
       Spider Form       |       |     6 ||     6
  Use: Potion            |       |     1 ||     1
 Stab: Sleeping          |    10 |     8 ||    18
       Distracted        |     1 |     2 ||     3
  Eat: Chunk             |     1 |     8 ||     9
Armor: Skin              |     4 |     8 ||    12
Dodge: Dodged            |    38 |    69 ||   107

Table legend:
 A = Non-vault XP
 B = Vault XP
 C = Vault XP percentage of total XP
 D = Non-vault monster count
 E = Vault monster count
 F = Vault count percentage of total count
                 A         B        C        D         E       F
            +---------+---------+-------+---------+---------+-------
      Total |     407 |     129 |  24.1 |      58 |       8 |  12.1
            +---------+---------+-------+---------+---------+-------
        D:1 |      25 |       0 |   0.0 |      15 |       0 |   0.0
        D:2 |      42 |      18 |  30.0 |      16 |       5 |  23.8
        D:3 |      39 |     111 |  74.0 |      18 |       3 |  14.3
        D:4 |     301 |       0 |   0.0 |       9 |       0 |   0.0
            +---------+---------+-------+---------+---------+-------
